 Dungeon Crawl Stone Soup version 0.27.1-33-g824d729ab1 (webtiles) character file.

Game seed: 15030029206611464244

709 barney the Transmogrifier (level 7, -6/52 HPs)
             Began as a Black Draconian Transmuter on Dec 20, 2021.
             Mangled by an orc warrior (18 damage)
             ... on level 5 of the Dungeon.
             The game lasted 00:06:17 (8305 turns).

barney the Transmogrifier (DrTm)                    Turns: 8305, Time: 00:06:17

Health: -6/52      AC:  2    Str: 13    XL:     7   Next: 40%
Magic:  10/10      EV: 19    Int: 15    God:
Gold:   201        SH:  0    Dex: 16    Spells: 4/10 levels left

rFire    . . .     SeeInvis .     - Unarmed
rCold    . . .     Faith    .   (shield currently unavailable)
rNeg     . . .     Spirit   .   (armour unavailable)
rPois    .         Reflect  .   (helmet currently unavailable)
rElec    .         Harm     .   (cloak currently unavailable)
rCorr    .         Rampage  .   (gloves currently unavailable)
Will     .....                  (boots currently unavailable)
Stlth    +.........             g - amulet of magic regeneration
HPRegen  0.17/turn              j - ring of poison resistance
MPRegen  0.37/turn              (no ring)

@: about to teleport, spider-form
A: venomous fangs, (breathe lightning), AC +6, tiny, unfitting armour,
(electricity resistance), (cold-blooded)
a: End Transformation


You were on level 5 of the Dungeon.
You were a venomous arachnid creature.
You visited 2 branches of the dungeon, and saw 6 of its levels.

You collected 201 gold pieces.

Inventory:

Hand Weapons
 a - a +0 dagger (melded)
 k - a +2 vorpal spear
Armour
 d - a +0 pair of boots (melded)
Jewellery
 g - an amulet of magic regeneration (around neck)
 j - a ring of poison resistance (left front leg)
 n - a +4 ring of evasion
Wands
 h - a wand of flame (11)
Scrolls
 c - a scroll of enchant armour {unknown}
 e - a scroll of noise {unknown}
 l - a scroll of teleportation
 m - a scroll of identify {unknown}
Potions
 b - a potion of curing
 f - a potion of haste
 i - a potion of ambrosia {unknown}


   Skills:
 - Level 1.1 Fighting
 - Level 1.7 Dodging
 - Level 3.0 Unarmed Combat
 - Level 2.0 Spellcasting
 + Level 8.4 Transmutations


You had 4 spell levels left.
You knew the following spells:

 Your Spells              Type           Power      Damage    Failure   Level
a - Beastly Appendage     Tmut           52%        N/A       4%          1
b - Spider Form           Tmut/Pois      7%         N/A       28%         3
c - Wereblood             Tmut           26%        N/A       5%          2

Your spell library contained the following spells:

 Spells                   Type           Power      Damage    Failure   Level
 Passwall                 Tmut/Erth      11%        N/A       17%         2
 Ice Form                 Ice/Tmut       14%        N/A       58%         4
 Swiftness                Air            1%         N/A       75%         3
 Invisibility             Hex            0%         N/A       100%        6


Dungeon Overview and Level Annotations

Branches:
Dungeon (5/15)             Temple (1/1) D:4

Altars:
Ashenzari
Cheibriados
Elyvilon
Gozag
Hepliaklqana
Kikubaaqudgha
Makhleb
Nemelex Xobeh
Okawaru
Qazlal
Ru
Sif Muna
Uskayaw
Wu Jian
Xom
The Shining One

Shops:
D:4 *   D:5 :


Innate Abilities, Weirdness & Mutations

You are a venomous arachnid creature.
You have poisonous fangs.
You are tiny and dextrous.
Your spellcasting is less reliable in this form.
Your armour is entirely melded.
You are incapable of wielding weapons or throwing items.
((You can breathe wild blasts of lightning.))
((Your glossy black scales are hard. (AC +6)))
You cannot fit into any form of body armour.
((You are resistant to electric shocks. (rElec)))
((You are cold-blooded and may be slowed by cold attacks.))


Message History

The orc is moderately wounded.
The orc hits you with a +0 mace of protection.
You hit the orc.
The orc looks as sick as possible!
The orc is heavily wounded.
You kill the orc!
The centaur wields a +0 shortbow.
The centaur shoots an arrow.
The arrow hits you!
The centaur shoots an arrow.
The arrow hits you!
You see here a +0 mace of protection.
You are too injured to fight recklessly!
You are too injured to fight recklessly!
You are too injured to fight recklessly!
The centaur unwields a +0 shortbow.
The centaur completely misses you. The centaur misses you.
You hit the centaur but do no damage. The centaur completely misses you.
The centaur misses you.
An orc warrior comes into view. It is wielding a +0 halberd.
The orc warrior shouts!
You hit the centaur.
The centaur is moderately wounded.
The centaur completely misses you.
The centaur kicks you but does no damage.
The centaur misses you. The centaur kicks you.
You hit the centaur.
The centaur is poisoned.
The centaur is heavily wounded.
The centaur hits you.
* * * LOW HITPOINT WARNING * * *
The centaur completely misses you.
You hit the centaur.
The centaur looks as sick as possible!
The centaur is heavily wounded.
The centaur barely misses you. The centaur completely misses you. x2
The centaur misses you.
Okay, then.
Okay, then.
As you read the scroll labelled BUHEKL GUVOSI, it crumbles to dust.
You feel strangely unstable.
It was a scroll of teleportation.
The centaur completely misses you. The centaur kicks you.
* * * LOW HITPOINT WARNING * * *
The orc warrior hits you from afar with a +0 halberd!!
You die...

#....##..#.# #.##.#.
#....##..#.# #....#.
#....##..#.########...
#....#...#..........#.
##....#..######......#.
#.....'.......+......#.
#..[.†#########..(.....
#....).......##.....###
#.####s#####. #..... #.
# #c# #..... #. #o#
###### #. #.# #. ..#
#######. ... ........
..# #######. .... #. #.


You could see an orc warrior and a centaur (extremely poisoned).

Vanquished Creatures
  A necrophage (D:5)
  An ogre (D:4)
  2 scorpions (D:5)
  2 water moccasin skeletons
  Jessica (D:2)
  An iguana (D:4)
  2 orc wizards
  2 hound skeletons
  4 gnolls (D:4)
  4 adders
  A river rat (D:4)
  A white imp (D:5)
  An adder skeleton (D:4)
  4 worms
  A dart slug (D:1)
  8 orcs
  5 bats
  5 endoplasms
  5 giant cockroaches
  9 hobgoblins
  6 jackals
  8 kobolds
  2 quokkas
  7 ball pythons
  A frilled lizard (D:3)
  9 goblins
  8 rats
101 creatures vanquished.

Notes
Turn   | Place    | Note
-------+----------+-------------------------------------------
     0 | D:1      | barney the Draconian Transmuter began the quest for the
                  | Orb.
     0 | D:1      | Reached XP level 1. HP: 16/16 MP: 3/3
   130 | D:1      | Found a faded altar of an unknown god.
   155 | D:1      | Reached XP level 2. HP: 11/23 MP: 5/5
   591 | D:1      | Reached skill level 3 in Transmutations
  1067 | D:1      | Reached XP level 3. HP: 28/28 MP: 6/6
  1620 | D:1      | Learned a level 3 spell: Spider Form
  1623 | D:1      | Learned a level 2 spell: Wereblood
  1981 | D:2      | Reached skill level 4 in Transmutations
  1991 | D:2      | Reached XP level 4. HP: 31/35 MP: 2/7
  2084 | D:2      | Noticed Jessica
  2094 | D:2      | Killed Jessica
  2927 | D:2      | Reached skill level 5 in Transmutations
  3776 | D:3      | Reached XP level 5. HP: 31/40 MP: 5/8
  4350 | D:4      | Found Keumecot's Overcharged Wands.
  4363 | D:4      | Noticed an ogre
  4431 | D:4      | Killed an ogre
  4432 | D:4      | Reached skill level 6 in Transmutations
  4432 | D:4      | Reached XP level 6. HP: 23/47 MP: 9/9
  4683 | D:4      | Found a staircase to the Ecumenical Temple.
  4718 | Temple   | Entered the Ecumenical Temple
  5758 | D:4      | Reached skill level 7 in Transmutations
  7035 | D:5      | Entered Level 5 of the Dungeon
  7320 | D:5      | Your scales start taking on a glossy black colour.
  7320 | D:5      | Reached XP level 7. HP: 40/52 MP: 5/10
  7320 | D:5      | Gained mutation: You are resistant to electric shocks.
                  | (rElec) [Black Draconian growth]
  7557 | D:5      | Reached skill level 8 in Transmutations
  7856 | D:5      | Found Ranloash's Book Shop.
  8305 | D:5      | Mangled by an orc warrior

Illustrated notes

Levels and vault maps discovered:
D:1:      ebering_trefoil_3fold, layout_basic,
          hellmonk_ecumenical_altar_dog_temple, chequers_garden
D:2:      layout_basic, uniq_jessica
D:3:      layout_basic
D:4:      layout_loops_ring, minmay_temple_entry_stoned_glass,
          gup_sewer_entry_spiral, grunt_ministairs_8,
          nicolae_shop_overcharged_wands
D:5:      layout_basic, nicolae_stop_n_shop_2
Temple:   eino_temple_scatter_basement

Skill      XL: |  1  2  3  4  5  6  7 |
---------------+----------------------+-----
Transmutations | 3 4 5 6 7 8 |  8.4
Fighting       | |  1.1
Dodging        | |  1.7
Unarmed Combat | |  3.0
Spellcasting   | |  2.0

Action                   |  1- 3 |  4- 6 |  7- 9 || total
-------------------------+-------+-------+-------++-------
Melee: Unarmed           |    40 |    98 |    41 ||   179
       Tailslap          |    12 |    16 |       ||    28
       Kick              |     7 |     6 |       ||    13
       Headbutt          |     4 |     4 |       ||     8
       Dagger            |    83 |   227 |     2 ||   312
       Punch             |       |     2 |       ||     2
 Cast: Beastly Appendage |     6 |     9 |       ||    15
       Spider Form       |     1 |    20 |     5 ||    26
       Wereblood         |     1 |     1 |       ||     2
 Abil: Breathe Lightning |       |       |     1 ||     1
  Use: Potion            |       |     5 |       ||     5
       Scroll            |       |       |     1 ||     1
 Stab: Sleeping          |       |     2 |       ||     2
Armor: Skin              |    35 |    85 |     7 ||   127
Dodge: Dodged            |    70 |   200 |    37 ||   307
